Rocket vs Little Stars
Created - March 5, 2022 at 00:59
Goals
|
| Rocket |
3 |
1 |
1 |
1 |
6 |
| Little Stars |
0 |
3 |
2 |
0 |
5 |
|
Shots
|
| Rocket |
18 |
7 |
4 |
3 |
32 |
| Little Stars |
14 |
7 |
11 |
3 |
35 |
|
1st period
1. Rocket , Jiri Sekac 3 (Dominic Turgeon 8, Adrian Kempe 25) at 2:13
2. Rocket , Brandon Pirri 13 (Danton Heinen 21) at 10:31
3. Rocket , Corey Trivino 16 (Brandon Pirri 17, Danton Heinen 22) at 10:47
Penalties :
Corey Trivino (Lav) for High sticking (Minor) at 15:32, Reece Willcox (Tex) for Hooking (Minor) at 19:42
2nd period
4. Rocket , Mattias Tedenby 19 (Brandon Pirri 18) at 0:33 (PP)
5. Little Stars , Jordan LaVallee 24 (Ilya Mikheyev 21, Eric Knodel 7) at 4:59
6. Little Stars , Adam Tambellini 17 (Henrik Borgstrom 22) at 17:41 (SH)
7. Little Stars , Jason Dickinson 10 (Joakim Nygard 8, Zach Budish 9) at 19:22
Penalties :
Viktor Loov (Lav) for Interference (Minor) at 5:22, Brandon Pirri (Lav) for Roughing (Minor) at 10:43, Tucker Poolman (Tex) for Goalie Interference (Minor) at 16:54
3rd period
8. Rocket , Karson Kuhlman 5 (Ty Rattie 3) at 5:42
9. Little Stars , Daniel O'regan 12 (Jordan LaVallee 26, Ilya Mikheyev 22) at 18:29
10. Little Stars , Joakim Nygard 5 (Tyler Wotherspoon 18, Jason Dickinson 8) at 18:43
Penalties :
Michael Mersch (Tex) for Tripping (Minor) at 3:34, Sergey Tolchinsky (Lav) for Tripping (Minor) at 12:02, Jiri Sekac (Lav) for Boarding (Minor) at 18:46
Overtime #1
11. Rocket , Mattias Tedenby 20 (Adrian Kempe 26, Viktor Loov 14) at 4:23
Penalties :
Adrian Kempe (Lav) for Elbowing (Minor) at 2:11
Goalie Stats
Igor Shesterkin (Lav), 30 saves from 35 shots - (0.857), W, 12-8-1, 64:23 minutes
Connor Knapp (Tex), 11 saves from 13 shots - (0.846), OTL, 11-8-3, 43:50 minutes
Dustin Tokarski (Tex), 15 saves from 19 shots - (0.789), 20:33 minutes
Players Stats for Rocket
Player Name G A P +/- PIM S H SB GA TA FO MP PP MP PK MP
------------------------------------------------------------------------------------
Adam Fox 0 0 0 -2 0 1 0 1 0 0 0/0 21:07 3:32 4:00
Adrian Kempe 0 2 2 0 2 1 1 0 2 0 0/2 17:35 2:44 2:03
Andrei Mironov 0 0 0 2 0 1 4 0 0 2 0/0 18:44 0:00 4:44
Andrey Pedan 0 0 0 2 0 1 1 0 0 0 0/0 15:08 1:17 2:17
Brandon Pirri 1 2 3 1 2 2 0 0 1 0 0/0 18:27 2:05 0:00
Corey Trivino 1 0 1 3 2 4 4 1 0 0 15/25 21:18 2:44 1:23
Danton Heinen 0 2 2 2 0 1 1 1 0 2 0/3 18:56 2:44 0:00
Dean Kukan 0 0 0 0 0 0 2 3 1 0 0/0 21:31 0:00 1:56
Dominic Turgeon 0 1 1 -2 0 0 0 0 0 0 6/19 15:55 0:00 6:56
Dylan DeMelo 0 0 0 -1 0 2 0 0 0 0 0/0 24:24 1:17 5:58
Jiri Sekac 1 0 1 -2 2 2 0 0 0 0 0/0 11:23 0:00 2:15
Karson Kuhlman 1 0 1 0 0 3 0 0 2 0 1/2 11:12 0:00 2:43
Kole Sherwood 0 0 0 0 0 0 2 0 0 0 0/0 8:29 0:00 0:00
Mattias Tedenby 2 0 2 0 0 5 1 0 0 0 2/2 15:29 2:05 0:00
Peter Holland 0 0 0 -1 0 3 4 0 1 0 5/13 15:45 2:05 0:52
Sergey Tolchinsky 0 0 0 0 2 3 1 0 0 0 0/0 8:30 0:00 0:00
Ty Rattie 0 1 1 -2 0 3 2 0 0 1 1/1 13:47 0:00 4:51
Viktor Loov 0 1 1 -1 2 0 2 0 0 1 0/0 27:52 3:32 4:53
Players Stats for Little Stars
Player Name G A P +/- PIM S H SB GA TA FO MP PP MP PK MP
------------------------------------------------------------------------------------
Adam Tambellini 1 0 1 1 0 4 2 0 1 0 0/1 19:19 4:35 1:18
Anton Cederholm 0 0 0 1 0 1 3 4 0 0 0/0 29:22 4:55 3:08
Daniel O'regan 1 0 1 -2 0 2 1 1 2 0 19/27 25:55 4:29 3:23
Daniil Tarasov 0 0 0 0 0 1 1 0 0 0 0/0 6:28 0:09 0:00
Eric Knodel 0 1 1 -1 0 3 0 1 0 1 0/0 22:32 4:14 1:41
Henrik Borgstrom 0 1 1 1 0 2 3 2 0 1 7/16 18:51 4:31 0:54
Ilya Mikheyev 0 2 2 -1 0 2 2 0 1 1 1/3 19:59 4:29 0:00
Jason Dickinson 1 1 2 1 0 3 2 1 0 0 4/9 12:38 0:09 0:32
Joakim Nygard 1 1 2 1 0 2 2 0 1 0 0/0 12:20 0:15 0:08
Jordan LaVallee 1 1 2 -1 0 4 2 1 0 0 2/5 25:39 4:19 3:23
Michael Mersch 0 0 0 -1 2 3 2 0 0 2 0/0 6:27 0:00 0:00
Reece Willcox 0 0 0 -1 2 1 2 1 0 1 0/0 22:14 4:14 1:24
Roman Horak 0 0 0 0 0 1 2 0 0 0 3/4 6:19 0:00 0:00
Sebastian Wannstrom 0 0 0 -1 0 5 0 0 1 0 0/1 17:32 4:31 0:00
Tucker Poolman 0 0 0 0 2 0 2 0 0 0 0/0 12:46 0:00 0:17
Tyler Wotherspoon 0 1 1 1 0 1 0 1 0 1 0/0 29:22 4:55 3:08
Ville Pokka 0 0 0 0 0 0 0 0 0 0 0/0 12:29 0:00 0:00
Zach Budish 0 1 1 2 0 0 3 0 0 0 1/1 12:28 0:00 0:00
3 Stars
1 - Mattias Tedenby (Lav)
2 - Corey Trivino (Lav)
3 - Brandon Pirri (Lav)
Power Play
Rocket - 1 on 3 Attempt(s) - 33.33%
Little Stars - 0 on 6 Attempt(s) - 0.00%
Penalty Kill
Rocket - 6 on 6 Attempt(s) - 100.00%
- Score 0 goal in Penalty Kill
Little Stars - 2 on 3 Attempt(s) - 66.67%
- Score 1 goal in Penalty Kill
Team Stat
Rocket - Hits : 25 - Faceoff Wins : 30 - Blocked Shots : 6 - Penalty Minutes : 12
Little Stars - Hits : 29 - Faceoff Wins : 37 - Blocked Shots : 12 - Penalty Minutes : 6
Official
Referees : Brian Pochmara and Marc Joannette
Linesman : Ryan Daisy and Julien Fournier
Game Notes
Connor Knapp enters game at 0:33 of 2nd period
Finance
Level 1 -- Attendance: 1759 (87.95%) -- Ticket Income $61,565
Level 2 -- Attendance: 1000 (100.00%) -- Ticket Income $15,000
Total Attendance: 2759 (91.97%)
Total Ticket Income: $76,565
Other Income: $3,828
Total Income: $80,393
Rocket
5 vs 5 Forward
Center Left Wing Right Wing Time % Phy DF OF
1 Corey Trivino Brandon Pirri Danton Heinen 40 0 1 4
2 Peter Holland Adrian Kempe Mattias Tedenby 30 0 1 4
3 Dominic Turgeon Jiri Sekac Ty Rattie 20 0 2 3
4 Karson Kuhlman Sergey Tolchinsky Kole Sherwood 10 0 2 3
5 vs 5 Defense
Defense Defense Time % Phy DF OF
1 Viktor Loov Dean Kukan 40 1 2 2
2 Dylan DeMelo Adam Fox 30 1 2 2
3 Andrei Mironov Andrey Pedan 20 1 2 2
4 Andrei Mironov Dylan DeMelo 10 1 2 2
PowerPlay Forward
Center Left Wing Right Wing Time % Phy DF OF
1 Corey Trivino Adrian Kempe Danton Heinen 60 1 2 2
2 Peter Holland Brandon Pirri Mattias Tedenby 40 1 2 2
PowerPlay Defense
Defense Defense Time % Phy DF OF
1 Viktor Loov Adam Fox 60 1 2 2
2 Dylan DeMelo Andrey Pedan 40 1 2 2
Penalty Kill 4 Players Forward
Center Wing Time % Phy DF OF
1 Dominic Turgeon Ty Rattie 60 1 2 2
2 Karson Kuhlman Jiri Sekac 40 1 2 2
Penalty Kill 4 Players Defense
Defense Defense Time % Phy DF OF
1 Andrei Mironov Dylan DeMelo 60 1 2 2
2 Viktor Loov Adam Fox 40 1 2 2
Penalty Kill - 3 Players Forward
Forward Time % Phy DF OF
1 Dominic Turgeon 60 1 2 2
2 Peter Holland 40 1 2 2
Penalty Kill - 3 Players Defense
Defense Defense Time % Phy DF OF
1 Viktor Loov Dean Kukan 60 1 2 2
2 Dylan DeMelo Andrey Pedan 40 1 2 2
4 vs 4 Forward
Center Wing Time % Phy DF OF
1 Corey Trivino Mattias Tedenby 60 1 2 2
2 Brandon Pirri Adrian Kempe 40 1 2 2
4 vs 4 Defense
Defense Defense Time % Phy DF OF
1 Viktor Loov Dean Kukan 60 1 2 2
2 Dylan DeMelo Andrey Pedan 40 1 2 2
Last Minutes Offensive
Center Left Wing Right Wing Defense Defense
Corey Trivino Brandon Pirri Mattias Tedenby Viktor Loov Dean Kukan
Last Minutes Defensive
Center Left Wing Right Wing Defense Defense
Corey Trivino Brandon Pirri Mattias Tedenby Viktor Loov Dean Kukan
Goaltenders
Starting : Igor Shesterkin
Backup : Jean-Francois Berube
Extra Forwards
Normal : Danton Heinen, Adrian Kempe, Mattias Tedenby - PP : Danton Heinen, Adrian Kempe - PK : Dominic Turgeon
Extra Defensemen
Normal : Andrei Mironov, Adam Fox, Dylan DeMelo - PP : Viktor Loov - PK : Andrei Mironov, Dylan DeMelo
Penalty Shots
Corey Trivino, Mattias Tedenby, Brandon Pirri, Adrian Kempe, Danton Heinen
Scratches
Daniel Sprong (Healthy), Guillaume Brisebois (Healthy), Jack Glover (Healthy), Mason Appleton (Healthy), Ryan Collins (Healthy)
Tyler Lewington (Healthy), Luke Kunin (Healthy), Mikhail Maltsev (Healthy), Blake Hillman (Healthy)
Little Stars
5 vs 5 Forward
Center Left Wing Right Wing Time % Phy DF OF
1 Daniel O'regan Jordan LaVallee Ilya Mikheyev 40 1 2 2
2 Henrik Borgstrom Adam Tambellini Sebastian Wannstrom 30 1 2 2
3 Jason Dickinson Joakim Nygard Zach Budish 20 1 2 2
4 Roman Horak Michael Mersch Daniil Tarasov 10 1 2 2
5 vs 5 Defense
Defense Defense Time % Phy DF OF
1 Tyler Wotherspoon Anton Cederholm 40 1 2 2
2 Eric Knodel Reece Willcox 30 1 2 2
3 Tucker Poolman Ville Pokka 20 1 2 2
4 Tyler Wotherspoon Anton Cederholm 10 1 2 2
PowerPlay Forward
Center Left Wing Right Wing Time % Phy DF OF
1 Daniel O'regan Jordan LaVallee Ilya Mikheyev 60 0 2 3
2 Henrik Borgstrom Adam Tambellini Sebastian Wannstrom 40 0 3 2
PowerPlay Defense
Defense Defense Time % Phy DF OF
1 Tyler Wotherspoon Anton Cederholm 60 0 3 2
2 Eric Knodel Reece Willcox 40 0 2 3
Penalty Kill 4 Players Forward
Center Wing Time % Phy DF OF
1 Daniel O'regan Jordan LaVallee 60 0 3 2
2 Henrik Borgstrom Adam Tambellini 40 0 3 2
Penalty Kill 4 Players Defense
Defense Defense Time % Phy DF OF
1 Tyler Wotherspoon Anton Cederholm 60 0 3 2
2 Eric Knodel Reece Willcox 40 0 3 2
Penalty Kill - 3 Players Forward
Forward Time % Phy DF OF
1 Daniel O'regan 60 0 3 2
2 Henrik Borgstrom 40 0 3 2
Penalty Kill - 3 Players Defense
Defense Defense Time % Phy DF OF
1 Tyler Wotherspoon Anton Cederholm 60 0 3 2
2 Eric Knodel Reece Willcox 40 0 3 2
4 vs 4 Forward
Center Wing Time % Phy DF OF
1 Daniel O'regan Jordan LaVallee 60 0 2 3
2 Henrik Borgstrom Adam Tambellini 40 0 2 3
4 vs 4 Defense
Defense Defense Time % Phy DF OF
1 Tyler Wotherspoon Anton Cederholm 60 1 2 2
2 Eric Knodel Reece Willcox 40 1 2 2
Last Minutes Offensive
Center Left Wing Right Wing Defense Defense
Daniel O'regan Jordan LaVallee Ilya Mikheyev Tyler Wotherspoon Anton Cederholm
Last Minutes Defensive
Center Left Wing Right Wing Defense Defense
Daniel O'regan Jordan LaVallee Ilya Mikheyev Tyler Wotherspoon Anton Cederholm
Goaltenders
Starting : Dustin Tokarski
Backup : Connor Knapp
Extra Forwards
Normal : Daniel O'regan, Sebastian Wannstrom, Zach Budish - PP : Daniel O'regan, Sebastian Wannstrom - PK : Daniel O'regan
Extra Defensemen
Normal : Reece Willcox, Tucker Poolman, Ville Pokka - PP : Reece Willcox - PK : Reece Willcox, Tucker Poolman
Penalty Shots
Jordan LaVallee, Ilya Mikheyev, Adam Tambellini, Joakim Nygard, Daniel O'regan
Scratches
Emile Poirier (Healthy), Jean-Christophe Beaudin (Healthy), Justin Auger (Healthy), Lawrence Pilut (Healthy), Radel Fazleev (Healthy)
Rudolfs Balcers (Healthy), Shane Gersich (Healthy), Yakov Trenin (Healthy), Frederic Allard (Healthy), Matt Luff (Healthy)
Joey Anderson (Healthy), Jonathan Dahlen (Healthy), Givani Smith (Healthy)
% Time on Ice - Rocket
Lines # - Real PCT - Wanted PCT - Time Play
Normal Forward
1 - 35% - 40% - 16:14
2 - 27% - 30% - 12:23
3 - 19% - 20% - 8:56
4 - 18% - 10% - 8:29
Normal Defense
1 - 41% - 40% - 18:59
2 - 30% - 30% - 13:41
3 - 23% - 20% - 10:29
4 - 6% - 10% - 2:53
PP Forward
1 - 57% - 60% - 2:44
2 - 43% - 40% - 2:05
PP Defense
1 - 73% - 60% - 3:32
2 - 27% - 40% - 1:17
PK Forward
1 - 70% - 60% - 6:26
2 - 30% - 40% - 2:43
PK Defense
1 - 52% - 60% - 4:48
2 - 48% - 40% - 4:21
PK3 Forward
1 - 73% - 60% - 2:01
2 - 27% - 40% - 0:44
PK3 Defense
1 - 64% - 60% - 1:45
2 - 36% - 40% - 1:00
44 Forward
1 - 70% - 60% - 1:09
2 - 30% - 40% - 0:29
44 Defense
1 - 59% - 60% - 0:58
2 - 41% - 40% - 0:40
Last Minute Offensive - 0:00
Last Minute Defensive - 0:00
Total
Forward - 64:23
Defense - 64:23
|
% Time on Ice - Little Stars
Lines # - Real PCT - Wanted PCT - Time Play
Normal Forward
1 - 34% - 40% - 15:40
2 - 27% - 30% - 12:15
3 - 26% - 20% - 11:48
4 - 14% - 10% - 6:19
Normal Defense
1 - 39% - 40% - 17:46
2 - 32% - 30% - 14:46
3 - 27% - 20% - 12:29
4 - 2% - 10% - 1:01
PP Forward
1 - 51% - 60% - 4:38
2 - 49% - 40% - 4:31
PP Defense
1 - 54% - 60% - 4:55
2 - 46% - 40% - 4:14
PK Forward
1 - 81% - 60% - 3:55
2 - 19% - 40% - 0:54
PK Defense
1 - 65% - 60% - 3:08
2 - 35% - 40% - 1:41
PK3 Forward
1 - 0% - 60%
2 - 0% - 40%
PK3 Defense
1 - 0% - 60%
2 - 0% - 40%
44 Forward
1 - 73% - 60% - 3:12
2 - 27% - 40% - 1:11
44 Defense
1 - 58% - 60% - 2:32
2 - 42% - 40% - 1:51
Last Minute Offensive - 0:00
Last Minute Defensive - 0:00
Total
Forward - 64:23
Defense - 64:23
|
Play-by-Play
1st period
0:01 of 1st period - Corey Trivino wins face-off versus Daniel O'regan in neutral zone.
0:28 of 1st period - Slapshot by Adam Tambellini.
0:28 of 1st period - Stopped by Igor Shesterkin with a rebound.
2:09 of 1st period - Wrist shot by Jiri Sekac.
2:09 of 1st period - Shot Misses the Net.
2:13 of 1st period - Wrist shot by Jiri Sekac.
2:13 of 1st period - Goal by Jiri Sekac - Rocket : 1 - Little Stars : 0.
2:14 of 1st period - Jason Dickinson wins face-off versus Peter Holland in neutral zone.
2:24 of 1st period - Wrist shot by Joakim Nygard.
2:24 of 1st period - Stopped by Igor Shesterkin with a rebound.
2:26 of 1st period - Slapshot by Jason Dickinson.
2:26 of 1st period - Stopped by Igor Shesterkin without a rebound.
2:27 of 1st period - Henrik Borgstrom wins face-off versus Corey Trivino in Rocket zone.
2:42 of 1st period - Slapshot by Adam Tambellini.
2:42 of 1st period - Deflect By Sebastian Wannstrom.
2:42 of 1st period - Stopped by Igor Shesterkin without a rebound.
2:43 of 1st period - Mattias Tedenby wins face-off versus Ilya Mikheyev in Rocket zone.
2:52 of 1st period - Wrist shot by Peter Holland.
2:52 of 1st period - Stopped by Dustin Tokarski with a rebound.
3:08 of 1st period - Snap shot by Jason Dickinson.
3:08 of 1st period - Deflect By Zach Budish.
3:08 of 1st period - Shot Hit the Post.
3:08 of 1st period - Puck is out of play.
3:09 of 1st period - Corey Trivino wins face-off versus Jason Dickinson in Rocket zone.
3:16 of 1st period - Wrist shot by Jason Dickinson.
3:16 of 1st period - Stopped by Igor Shesterkin without a rebound.
3:17 of 1st period - Henrik Borgstrom wins face-off versus Dominic Turgeon in Rocket zone.
3:26 of 1st period - Wrist shot by Ty Rattie.
3:26 of 1st period - Stopped by Dustin Tokarski with a rebound.
3:53 of 1st period - Slapshot by Peter Holland.
3:53 of 1st period - Shot Misses the Net.
4:18 of 1st period - Snap shot by Sebastian Wannstrom.
4:18 of 1st period - Shot Misses the Net.
4:46 of 1st period - Slapshot by Daniel O'regan.
4:46 of 1st period - Deflect By Ilya Mikheyev.
4:46 of 1st period - Shot Blocked by Dean Kukan.
4:46 of 1st period - Puck is out of play.
4:47 of 1st period - Roman Horak wins face-off versus Peter Holland in Rocket zone.
4:59 of 1st period - Off-side.
5:00 of 1st period - Corey Trivino wins face-off versus Daniel O'regan in neutral zone.
5:37 of 1st period - Wrist shot by Ty Rattie.
5:37 of 1st period - Stopped by Dustin Tokarski without a rebound.
5:38 of 1st period - Peter Holland wins face-off versus Daniel O'regan in Little Stars zone.
6:05 of 1st period - Jason Dickinson is hit by Corey Trivino and loses puck.
6:24 of 1st period - Viktor Loov is hit by Michael Mersch and loses puck.
6:29 of 1st period - Wrist shot by Daniil Tarasov.
6:29 of 1st period - Stopped by Igor Shesterkin with a rebound.
6:31 of 1st period - Slapshot by Roman Horak.
6:31 of 1st period - Stopped by Igor Shesterkin with a rebound.
6:33 of 1st period - Snap shot by Michael Mersch.
6:33 of 1st period - Stopped by Igor Shesterkin with a rebound.
6:52 of 1st period - Wrist shot by Sebastian Wannstrom.
6:52 of 1st period - Stopped by Igor Shesterkin with a rebound.
7:08 of 1st period - Wrist shot by Mattias Tedenby.
7:08 of 1st period - Shot Misses the Net.
7:10 of 1st period - Snap shot by Peter Holland.
7:10 of 1st period - Shot Blocked by Anton Cederholm.
7:12 of 1st period - Snap shot by Adrian Kempe.
7:12 of 1st period - Stopped by Dustin Tokarski with a rebound.
7:21 of 1st period - Icing by Tyler Wotherspoon.
7:22 of 1st period - Corey Trivino wins face-off versus Jason Dickinson in Little Stars zone.
7:23 of 1st period - Wrist shot by Brandon Pirri.
7:23 of 1st period - Deflect By Danton Heinen.
7:23 of 1st period - Stopped by Dustin Tokarski with a rebound.
7:35 of 1st period - Wrist shot by Corey Trivino.
7:35 of 1st period - Shot Blocked by Anton Cederholm.
8:05 of 1st period - Snap shot by Mattias Tedenby.
8:05 of 1st period - Stopped by Dustin Tokarski without a rebound.
8:06 of 1st period - Daniel O'regan wins face-off versus Peter Holland in Little Stars zone.
8:06 of 1st period - Daniel O'regan is hit by Andrey Pedan.
8:14 of 1st period - Wrist shot by Mattias Tedenby.
8:14 of 1st period - Stopped by Dustin Tokarski with a rebound.
8:16 of 1st period - Wrist shot by Peter Holland.
8:16 of 1st period - Stopped by Dustin Tokarski with a rebound.
8:18 of 1st period - Slapshot by Andrei Mironov.
8:18 of 1st period - Shot Misses the Net.
8:37 of 1st period - Snap shot by Sebastian Wannstrom.
8:37 of 1st period - Stopped by Igor Shesterkin with a rebound.
8:39 of 1st period - Slapshot by Reece Willcox.
8:39 of 1st period - Stopped by Igor Shesterkin without a rebound.
8:40 of 1st period - Corey Trivino wins face-off versus Roman Horak in Rocket zone.
9:17 of 1st period - Off-side.
9:18 of 1st period - Henrik Borgstrom wins face-off versus Dominic Turgeon in neutral zone.
9:20 of 1st period - Off-side.
9:21 of 1st period - Henrik Borgstrom wins face-off versus Dominic Turgeon in neutral zone.
9:26 of 1st period - Snap shot by Sebastian Wannstrom.
9:26 of 1st period - Shot Misses the Net.
9:28 of 1st period - Slapshot by Eric Knodel.
9:28 of 1st period - Stopped by Igor Shesterkin without a rebound.
9:29 of 1st period - Daniel O'regan wins face-off versus Danton Heinen in Rocket zone.
9:59 of 1st period - Adam Tambellini is hit by Peter Holland.
10:12 of 1st period - Henrik Borgstrom is hit by Adrian Kempe and loses puck.
10:19 of 1st period - Slapshot by Adrian Kempe.
10:19 of 1st period - Deflect By Mattias Tedenby.
10:19 of 1st period - Shot Misses the Net.
10:19 of 1st period - Puck is out of play.
10:20 of 1st period - Corey Trivino wins face-off versus Jordan LaVallee in Little Stars zone.
10:21 of 1st period - Snap shot by Danton Heinen.
10:21 of 1st period - Shot Blocked by Anton Cederholm.
10:31 of 1st period - Snap shot by Brandon Pirri.
10:31 of 1st period - Goal by Brandon Pirri - Rocket : 2 - Little Stars : 0.
10:32 of 1st period - Corey Trivino wins face-off versus Ilya Mikheyev in neutral zone.
10:45 of 1st period - Wrist shot by Corey Trivino.
10:45 of 1st period - Stopped by Dustin Tokarski with a rebound.
10:47 of 1st period - Backhand shot by Corey Trivino.
10:47 of 1st period - Goal by Corey Trivino - Rocket : 3 - Little Stars : 0.
10:48 of 1st period - Jordan LaVallee wins face-off versus Corey Trivino in neutral zone.
11:29 of 1st period - Tucker Poolman is hit by Ty Rattie.
11:43 of 1st period - Tucker Poolman is hit by Peter Holland and loses puck.
12:04 of 1st period - Snap shot by Sergey Tolchinsky.
12:04 of 1st period - Stopped by Dustin Tokarski with a rebound.
12:06 of 1st period - Wrist shot by Sergey Tolchinsky.
12:06 of 1st period - Stopped by Dustin Tokarski with a rebound.
12:18 of 1st period - Corey Trivino is hit by Ilya Mikheyev.
12:44 of 1st period - Wrist shot by Peter Holland.
12:44 of 1st period - Stopped by Dustin Tokarski without a rebound.
12:45 of 1st period - Mattias Tedenby wins face-off versus Henrik Borgstrom in Little Stars zone.
12:46 of 1st period - Wrist shot by Adrian Kempe.
12:46 of 1st period - Shot Blocked by Reece Willcox.
12:48 of 1st period - Wrist shot by Mattias Tedenby.
12:48 of 1st period - Stopped by Dustin Tokarski with a rebound.
12:50 of 1st period - Snap shot by Adrian Kempe.
12:50 of 1st period - Shot Misses the Net.
12:52 of 1st period - Slapshot by Andrei Mironov.
12:52 of 1st period - Stopped by Dustin Tokarski with a rebound.
12:54 of 1st period - Slapshot by Andrey Pedan.
12:54 of 1st period - Shot Blocked by Eric Knodel.
12:56 of 1st period - Snap shot by Mattias Tedenby.
12:56 of 1st period - Shot Blocked by Henrik Borgstrom.
13:29 of 1st period - Slapshot by Sergey Tolchinsky.
13:29 of 1st period - Shot Misses the Net.
13:51 of 1st period - Snap shot by Daniel O'regan.
13:51 of 1st period - Shot Misses the Net.
13:57 of 1st period - Jordan LaVallee is hit by Sergey Tolchinsky and loses puck.
14:04 of 1st period - Snap shot by Dylan DeMelo.
14:04 of 1st period - Shot Blocked by Jordan LaVallee.
15:03 of 1st period - Off-side.
15:04 of 1st period - Corey Trivino wins face-off versus Henrik Borgstrom in neutral zone.
15:09 of 1st period - Snap shot by Corey Trivino.
15:09 of 1st period - Stopped by Dustin Tokarski without a rebound.
15:10 of 1st period - Corey Trivino wins face-off versus Henrik Borgstrom in Little Stars zone.
15:17 of 1st period - Dean Kukan is hit by Henrik Borgstrom and loses puck.
15:32 of 1st period - Minor Penalty to Corey Trivino for High sticking.
15:33 of 1st period - Henrik Borgstrom wins face-off versus Dominic Turgeon in Rocket zone.
15:42 of 1st period - Snap shot by Adam Tambellini.
15:42 of 1st period - Stopped by Igor Shesterkin without a rebound.
15:43 of 1st period - Dominic Turgeon wins face-off versus Henrik Borgstrom in Rocket zone.
16:18 of 1st period - Off-side.
16:19 of 1st period - Karson Kuhlman wins face-off versus Daniel O'regan in neutral zone.
17:32 of 1st period - Penalty to Corey Trivino is over, Corey Trivino is back on ice.
17:44 of 1st period - Danton Heinen is hit by Zach Budish.
18:05 of 1st period - Icing by Corey Trivino.
18:06 of 1st period - Roman Horak wins face-off versus Peter Holland in Rocket zone.
18:07 of 1st period - Wrist shot by Michael Mersch.
18:07 of 1st period - Shot Misses the Net.
18:33 of 1st period - Andrei Mironov is hit by Zach Budish and loses puck.
18:55 of 1st period - Corey Trivino is hit by Anton Cederholm and loses puck.
19:26 of 1st period - Sebastian Wannstrom is hit by Peter Holland and loses puck.
19:42 of 1st period - Minor Penalty to Reece Willcox for Hooking.
19:43 of 1st period - Daniel O'regan wins face-off versus Peter Holland in Little Stars zone.
19:47 of 1st period - Wrist shot by Eric Knodel.
19:47 of 1st period - Stopped by Igor Shesterkin without a rebound.
19:48 of 1st period - Peter Holland wins face-off versus Jordan LaVallee in Rocket zone.
19:52 of 1st period - Off-side.
19:53 of 1st period - Daniel O'regan wins face-off versus Peter Holland in neutral zone.
Goals for this period are 3 for Rocket vs 0 for Little Stars.
Shots for this period are 18 for Rocket vs 14 for Little Stars.
2nd period
0:01 of 2nd period - Daniel O'regan wins face-off versus Adrian Kempe in neutral zone.
0:14 of 2nd period - Backhand shot by Danton Heinen.
0:14 of 2nd period - Shot Misses the Net.
0:26 of 2nd period - Jordan LaVallee is hit by Peter Holland and loses puck.
0:33 of 2nd period - Snap shot by Mattias Tedenby.
0:33 of 2nd period - Goal by Mattias Tedenby - Rocket : 4 - Little Stars : 0.
0:33 of 2nd period - Connor Knapp enters game.
0:34 of 2nd period - Corey Trivino wins face-off versus Sebastian Wannstrom in neutral zone.
0:59 of 2nd period - Ilya Mikheyev is hit by Viktor Loov and loses puck.
1:08 of 2nd period - Ilya Mikheyev is hit by Dean Kukan and loses puck.
1:15 of 2nd period - Viktor Loov is hit by Ilya Mikheyev and loses puck.
1:38 of 2nd period - Snap shot by Jiri Sekac.
1:38 of 2nd period - Stopped by Connor Knapp with a rebound.
4:12 of 2nd period - Snap shot by Daniel O'regan.
4:12 of 2nd period - Shot Blocked by Adam Fox.
4:55 of 2nd period - Snap shot by Ilya Mikheyev.
4:55 of 2nd period - Stopped by Igor Shesterkin with a rebound.
4:57 of 2nd period - Wrist shot by Ilya Mikheyev.
4:57 of 2nd period - Shot Misses the Net.
4:59 of 2nd period - Wrist shot by Jordan LaVallee.
4:59 of 2nd period - Goal by Jordan LaVallee - Rocket : 4 - Little Stars : 1.
5:00 of 2nd period - Henrik Borgstrom wins face-off versus Corey Trivino in neutral zone.
5:00 of 2nd period - Henrik Borgstrom is hit by Danton Heinen.
5:08 of 2nd period - Wrist shot by Henrik Borgstrom.
5:08 of 2nd period - Shot Misses the Net.
5:22 of 2nd period - Minor Penalty to Viktor Loov for Interference.
5:23 of 2nd period - Dominic Turgeon wins face-off versus Henrik Borgstrom in Rocket zone.
5:38 of 2nd period - Henrik Borgstrom is hit by Andrei Mironov and loses puck.
6:30 of 2nd period - Henrik Borgstrom is hit by Andrei Mironov and loses puck.
7:22 of 2nd period - Penalty to Viktor Loov is over, Viktor Loov is back on ice.
7:26 of 2nd period - Icing by Adam Tambellini.
7:27 of 2nd period - Corey Trivino wins face-off versus Adam Tambellini in Little Stars zone.
7:59 of 2nd period - Dean Kukan is hit by Joakim Nygard and loses puck.
8:10 of 2nd period - Tucker Poolman is hit by Kole Sherwood.
8:14 of 2nd period - Karson Kuhlman is hit by Tucker Poolman and loses puck.
8:47 of 2nd period - Slapshot by Adam Fox.
8:47 of 2nd period - Shot Blocked by Jason Dickinson.
8:49 of 2nd period - Wrist shot by Corey Trivino.
8:49 of 2nd period - Shot Misses the Net.
8:51 of 2nd period - Snap shot by Corey Trivino.
8:51 of 2nd period - Shot Misses the Net.
8:53 of 2nd period - Slapshot by Adam Fox.
8:53 of 2nd period - Stopped by Connor Knapp without a rebound.
8:54 of 2nd period - Peter Holland wins face-off versus Henrik Borgstrom in Little Stars zone.
9:32 of 2nd period - Slapshot by Ilya Mikheyev.
9:32 of 2nd period - Deflect By Daniel O'regan.
9:32 of 2nd period - Shot Blocked by Dean Kukan.
9:32 of 2nd period - Puck is out of play.
9:33 of 2nd period - Dominic Turgeon wins face-off versus Jason Dickinson in Rocket zone.
9:40 of 2nd period - Ty Rattie is hit by Zach Budish and loses puck.
10:08 of 2nd period - Slapshot by Tyler Wotherspoon.
10:08 of 2nd period - Shot Misses the Net.
10:28 of 2nd period - Wrist shot by Adam Tambellini.
10:28 of 2nd period - Shot Misses the Net.
10:30 of 2nd period - Snap shot by Adam Tambellini.
10:30 of 2nd period - Shot Misses the Net.
10:32 of 2nd period - Wrist shot by Sebastian Wannstrom.
10:32 of 2nd period - Stopped by Igor Shesterkin without a rebound.
10:33 of 2nd period - Zach Budish wins face-off versus Danton Heinen in Rocket zone.
10:43 of 2nd period - Minor Penalty to Brandon Pirri for Roughing.
10:44 of 2nd period - Daniel O'regan wins face-off versus Dominic Turgeon in Rocket zone.
11:13 of 2nd period - Viktor Loov is hit by Adam Tambellini and loses puck.
11:46 of 2nd period - Karson Kuhlman is hit by Adam Tambellini and loses puck.
12:05 of 2nd period - Snap shot by Adrian Kempe.
12:05 of 2nd period - Deflect By Corey Trivino.
12:05 of 2nd period - Stopped by Connor Knapp with a rebound.
12:43 of 2nd period - Penalty to Brandon Pirri is over, Brandon Pirri is back on ice.
12:51 of 2nd period - Snap shot by Corey Trivino.
12:51 of 2nd period - Deflect By Zach Budish.
12:51 of 2nd period - Shot Misses the Net.
12:51 of 2nd period - Puck is out of play.
12:52 of 2nd period - Jason Dickinson wins face-off versus Corey Trivino in Little Stars zone.
13:05 of 2nd period - Snap shot by Joakim Nygard.
13:05 of 2nd period - Shot Misses the Net.
13:07 of 2nd period - Slapshot by Jason Dickinson.
13:07 of 2nd period - Shot Blocked by Danton Heinen.
14:14 of 2nd period - Slapshot by Dylan DeMelo.
14:14 of 2nd period - Stopped by Connor Knapp with a rebound.
15:14 of 2nd period - Andrei Mironov is hit by Tucker Poolman.
15:18 of 2nd period - Snap shot by Karson Kuhlman.
15:18 of 2nd period - Stopped by Connor Knapp without a rebound.
15:19 of 2nd period - Corey Trivino wins face-off versus Daniel O'regan in Little Stars zone.
15:28 of 2nd period - Snap shot by Brandon Pirri.
15:28 of 2nd period - Stopped by Connor Knapp with a rebound.
15:30 of 2nd period - Snap shot by Brandon Pirri.
15:30 of 2nd period - Shot Blocked by Daniel O'regan.
15:46 of 2nd period - Mattias Tedenby is hit by Anton Cederholm and loses puck.
16:33 of 2nd period - Slapshot by Zach Budish.
16:33 of 2nd period - Shot Misses the Net.
16:54 of 2nd period - Minor Penalty to Tucker Poolman for Goalie Interference.
16:55 of 2nd period - Daniel O'regan wins face-off versus Danton Heinen in Little Stars zone.
16:58 of 2nd period - Off-side.
16:59 of 2nd period - Corey Trivino wins face-off versus Daniel O'regan in neutral zone.
17:04 of 2nd period - Tyler Wotherspoon is hit by Corey Trivino and loses puck.
17:35 of 2nd period - Icing by Peter Holland.
17:36 of 2nd period - Henrik Borgstrom wins face-off versus Peter Holland in Rocket zone.
17:41 of 2nd period - Wrist shot by Adam Tambellini.
17:41 of 2nd period - Goal by Adam Tambellini - Rocket : 4 - Little Stars : 2.
17:42 of 2nd period - Jordan LaVallee wins face-off versus Corey Trivino in neutral zone.
17:45 of 2nd period - Slapshot by Tyler Wotherspoon.
17:45 of 2nd period - Stopped by Igor Shesterkin with a rebound.
17:47 of 2nd period - Snap shot by Jordan LaVallee.
17:47 of 2nd period - Shot Hit the Post.
17:57 of 2nd period - Snap shot by Jordan LaVallee.
17:57 of 2nd period - Stopped by Igor Shesterkin without a rebound.
17:58 of 2nd period - Daniel O'regan wins face-off versus Corey Trivino in Rocket zone.
17:59 of 2nd period - Snap shot by Jordan LaVallee.
17:59 of 2nd period - Shot Misses the Net.
18:26 of 2nd period - Off-side.
18:27 of 2nd period - Corey Trivino wins face-off versus Henrik Borgstrom in neutral zone.
18:54 of 2nd period - Penalty to Tucker Poolman is over, Tucker Poolman is back on ice.
18:58 of 2nd period - Andrey Pedan is hit by Jason Dickinson.
19:03 of 2nd period - Off-side.
19:04 of 2nd period - Jason Dickinson wins face-off versus Dominic Turgeon in neutral zone.
19:22 of 2nd period - Slapshot by Jason Dickinson.
19:22 of 2nd period - Goal by Jason Dickinson - Rocket : 4 - Little Stars : 3.
19:23 of 2nd period - Daniel O'regan wins face-off versus Corey Trivino in neutral zone.
19:54 of 2nd period - Icing by Dylan DeMelo.
19:55 of 2nd period - Peter Holland wins face-off versus Henrik Borgstrom in Rocket zone.
19:55 of 2nd period - Peter Holland is hit by Henrik Borgstrom.
Goals for this period are 1 for Rocket vs 3 for Little Stars.
Shots for this period are 7 for Rocket vs 7 for Little Stars.
3rd period
0:01 of 3rd period - Daniel O'regan wins face-off versus Corey Trivino in neutral zone.
0:26 of 3rd period - Henrik Borgstrom is hit by Mattias Tedenby and loses puck.
0:55 of 3rd period - Peter Holland is hit by Daniil Tarasov and loses puck.
1:33 of 3rd period - Slapshot by Sergey Tolchinsky.
1:33 of 3rd period - Stopped by Connor Knapp with a rebound.
1:45 of 3rd period - Jason Dickinson is hit by Andrei Mironov and loses puck.
2:16 of 3rd period - Daniel O'regan is hit by Ty Rattie and loses puck.
2:23 of 3rd period - Slapshot by Ville Pokka.
2:23 of 3rd period - Shot Misses the Net.
2:44 of 3rd period - Off-side.
2:45 of 3rd period - Daniel O'regan wins face-off versus Karson Kuhlman in neutral zone.
3:34 of 3rd period - Minor Penalty to Michael Mersch for Tripping.
3:35 of 3rd period - Daniel O'regan wins face-off versus Corey Trivino in Little Stars zone.
3:40 of 3rd period - Slapshot by Daniel O'regan.
3:40 of 3rd period - Shot Misses the Net.
5:29 of 3rd period - Dylan DeMelo is hit by Reece Willcox and loses puck.
5:34 of 3rd period - Penalty to Michael Mersch is over, Michael Mersch is back on ice.
5:42 of 3rd period - Slapshot by Karson Kuhlman.
5:42 of 3rd period - Goal by Karson Kuhlman - Rocket : 5 - Little Stars : 3.
5:43 of 3rd period - Ty Rattie wins face-off versus Jordan LaVallee in neutral zone.
5:46 of 3rd period - Tucker Poolman is hit by Andrei Mironov and loses puck.
6:57 of 3rd period - Wrist shot by Karson Kuhlman.
6:57 of 3rd period - Stopped by Connor Knapp without a rebound.
6:58 of 3rd period - Peter Holland wins face-off versus Daniel O'regan in Little Stars zone.
7:01 of 3rd period - Wrist shot by Adrian Kempe.
7:01 of 3rd period - Shot Misses the Net.
7:03 of 3rd period - Wrist shot by Adrian Kempe.
7:03 of 3rd period - Deflect By Peter Holland.
7:03 of 3rd period - Shot Misses the Net.
7:03 of 3rd period - Puck is out of play.
7:04 of 3rd period - Daniel O'regan wins face-off versus Peter Holland in Little Stars zone.
7:35 of 3rd period - Snap shot by Brandon Pirri.
7:35 of 3rd period - Shot Blocked by Tyler Wotherspoon.
7:37 of 3rd period - Slapshot by Adam Fox.
7:37 of 3rd period - Shot Misses the Net.
7:39 of 3rd period - Snap shot by Corey Trivino.
7:39 of 3rd period - Shot Blocked by Anton Cederholm.
7:41 of 3rd period - Snap shot by Corey Trivino.
7:41 of 3rd period - Shot Misses the Net.
9:03 of 3rd period - Snap shot by Sebastian Wannstrom.
9:03 of 3rd period - Shot Misses the Net.
9:23 of 3rd period - Sergey Tolchinsky is hit by Roman Horak and loses puck.
9:45 of 3rd period - Corey Trivino is hit by Reece Willcox and loses puck.
9:50 of 3rd period - Snap shot by Daniel O'regan.
9:50 of 3rd period - Stopped by Igor Shesterkin with a rebound.
9:52 of 3rd period - Slapshot by Anton Cederholm.
9:52 of 3rd period - Stopped by Igor Shesterkin with a rebound.
10:11 of 3rd period - Jiri Sekac is hit by Jason Dickinson and loses puck.
10:24 of 3rd period - Wrist shot by Michael Mersch.
10:24 of 3rd period - Stopped by Igor Shesterkin without a rebound.
10:25 of 3rd period - Roman Horak wins face-off versus Adrian Kempe in Rocket zone.
10:26 of 3rd period - Wrist shot by Daniil Tarasov.
10:26 of 3rd period - Shot Misses the Net.
10:40 of 3rd period - Slapshot by Mattias Tedenby.
10:40 of 3rd period - Shot Misses the Net.
10:50 of 3rd period - Ilya Mikheyev is hit by Corey Trivino and loses puck.
11:36 of 3rd period - Wrist shot by Sebastian Wannstrom.
11:36 of 3rd period - Stopped by Igor Shesterkin with a rebound.
11:38 of 3rd period - Snap shot by Adam Tambellini.
11:38 of 3rd period - Shot Misses the Net.
11:40 of 3rd period - Snap shot by Adam Tambellini.
11:40 of 3rd period - Stopped by Igor Shesterkin with a rebound.
11:42 of 3rd period - Slapshot by Eric Knodel.
11:42 of 3rd period - Stopped by Igor Shesterkin with a rebound.
12:02 of 3rd period - Minor Penalty to Sergey Tolchinsky for Tripping.
12:03 of 3rd period - Daniel O'regan wins face-off versus Dominic Turgeon in Rocket zone.
12:12 of 3rd period - Wrist shot by Ilya Mikheyev.
12:12 of 3rd period - Shot Misses the Net.
12:14 of 3rd period - Snap shot by Tyler Wotherspoon.
12:14 of 3rd period - Shot Misses the Net.
12:18 of 3rd period - Wrist shot by Ilya Mikheyev.
12:18 of 3rd period - Stopped by Igor Shesterkin with a rebound.
13:43 of 3rd period - Anton Cederholm is hit by Viktor Loov.
14:02 of 3rd period - Penalty to Sergey Tolchinsky is over, Sergey Tolchinsky is back on ice.
14:09 of 3rd period - Brandon Pirri is hit by Joakim Nygard and loses puck.
14:35 of 3rd period - Dean Kukan is hit by Michael Mersch and loses puck.
14:55 of 3rd period - Jason Dickinson is hit by Kole Sherwood and loses puck.
15:00 of 3rd period - Slapshot by Sergey Tolchinsky.
15:00 of 3rd period - Shot Hit the Post.
15:27 of 3rd period - Mattias Tedenby is hit by Anton Cederholm and loses puck.
15:40 of 3rd period - Daniel O'regan is hit by Dean Kukan and loses puck.
15:45 of 3rd period - Snap shot by Ty Rattie.
15:45 of 3rd period - Stopped by Connor Knapp with a rebound.
15:59 of 3rd period - Anton Cederholm is hit by Corey Trivino and loses puck.
16:20 of 3rd period - Slapshot by Michael Mersch.
16:20 of 3rd period - Stopped by Igor Shesterkin with a rebound.
16:22 of 3rd period - Snap shot by Anton Cederholm.
16:22 of 3rd period - Deflect By Roman Horak.
16:22 of 3rd period - Deflect By Adam Fox.
16:22 of 3rd period - Shot Misses the Net.
16:22 of 3rd period - Puck is out of play.
16:23 of 3rd period - Dominic Turgeon wins face-off versus Jason Dickinson in Rocket zone.
16:49 of 3rd period - Andrey Pedan is hit by Henrik Borgstrom and loses puck.
17:00 of 3rd period - Snap shot by Danton Heinen.
17:00 of 3rd period - Shot Misses the Net.
17:10 of 3rd period - Dean Kukan is hit by Roman Horak and loses puck.
17:37 of 3rd period - Dean Kukan is hit by Jordan LaVallee and loses puck.
18:19 of 3rd period - Icing by Adam Fox.
18:20 of 3rd period - Daniel O'regan wins face-off versus Corey Trivino in Rocket zone.
18:23 of 3rd period - Wrist shot by Jordan LaVallee.
18:23 of 3rd period - Stopped by Igor Shesterkin without a rebound.
18:24 of 3rd period - Ilya Mikheyev wins face-off versus Dominic Turgeon in Rocket zone.
18:29 of 3rd period - Snap shot by Daniel O'regan.
18:29 of 3rd period - Goal by Daniel O'regan - Rocket : 5 - Little Stars : 4.
18:30 of 3rd period - Jason Dickinson wins face-off versus Dominic Turgeon in neutral zone.
18:43 of 3rd period - Wrist shot by Joakim Nygard.
18:43 of 3rd period - Goal by Joakim Nygard - Rocket : 5 - Little Stars : 5.
18:44 of 3rd period - Dominic Turgeon wins face-off versus Jason Dickinson in neutral zone.
18:46 of 3rd period - Minor Penalty to Jiri Sekac for Boarding.
18:47 of 3rd period - Daniel O'regan wins face-off versus Dominic Turgeon in Rocket zone.
Goals for this period are 1 for Rocket vs 2 for Little Stars.
Shots for this period are 4 for Rocket vs 11 for Little Stars.
Overtime #1
0:01 of 1st overtime period - Dominic Turgeon wins face-off versus Daniel O'regan in neutral zone.
0:44 of 1st overtime period - Slapshot by Peter Holland.
0:44 of 1st overtime period - Shot Hit the Post.
0:46 of 1st overtime period - Penalty to Jiri Sekac is over, Jiri Sekac is back on ice.
1:24 of 1st overtime period - Slapshot by Eric Knodel.
1:24 of 1st overtime period - Shot Blocked by Corey Trivino.
1:26 of 1st overtime period - Wrist shot by Henrik Borgstrom.
1:26 of 1st overtime period - Stopped by Igor Shesterkin without a rebound.
1:27 of 1st overtime period - Corey Trivino wins face-off versus Henrik Borgstrom in Rocket zone.
1:53 of 1st overtime period - Adrian Kempe is hit by Daniel O'regan and loses puck.
2:11 of 1st overtime period - Minor Penalty to Adrian Kempe for Elbowing.
2:12 of 1st overtime period - Daniel O'regan wins face-off versus Dominic Turgeon in Rocket zone.
2:13 of 1st overtime period - Slapshot by Jordan LaVallee.
2:13 of 1st overtime period - Stopped by Igor Shesterkin without a rebound.
2:14 of 1st overtime period - Daniel O'regan wins face-off versus Dominic Turgeon in Rocket zone.
2:15 of 1st overtime period - Wrist shot by Jordan LaVallee.
2:15 of 1st overtime period - Shot Blocked by Dean Kukan.
2:58 of 1st overtime period - Wrist shot by Peter Holland.
2:58 of 1st overtime period - Shot Blocked by Henrik Borgstrom.
3:02 of 1st overtime period - Wrist shot by Peter Holland.
3:02 of 1st overtime period - Shot Misses the Net.
3:04 of 1st overtime period - Snap shot by Dylan DeMelo.
3:04 of 1st overtime period - Shot Misses the Net.
3:06 of 1st overtime period - Slapshot by Dylan DeMelo.
3:06 of 1st overtime period - Shot Misses the Net.
3:28 of 1st overtime period - Slapshot by Dylan DeMelo.
3:28 of 1st overtime period - Stopped by Connor Knapp with a rebound.
3:30 of 1st overtime period - Slapshot by Andrey Pedan.
3:30 of 1st overtime period - Deflect By Zach Budish.
3:30 of 1st overtime period - Stopped by Connor Knapp without a rebound.
3:31 of 1st overtime period - Daniel O'regan wins face-off versus Dominic Turgeon in Little Stars zone.
3:48 of 1st overtime period - Viktor Loov is hit by Jordan LaVallee and loses puck.
4:07 of 1st overtime period - Snap shot by Adam Tambellini.
4:07 of 1st overtime period - Shot Misses the Net.
4:09 of 1st overtime period - Wrist shot by Henrik Borgstrom.
4:09 of 1st overtime period - Stopped by Igor Shesterkin with a rebound.
4:11 of 1st overtime period - Penalty to Adrian Kempe is over, Adrian Kempe is back on ice.
4:23 of 1st overtime period - Snap shot by Mattias Tedenby.
4:23 of 1st overtime period - Goal by Mattias Tedenby - Rocket : 6 - Little Stars : 5.
Goals for this period are 1 for Rocket vs 0 for Little Stars.
Shots for this period are 3 for Rocket vs 3 for Little Stars.